 Dungeon Crawl Stone Soup version 0.31-a0-795-g5eb97db20b (webtiles) character file.

Game seed: 18260215587756285618

778 puppykicker the Ruffian (level 7, -1/47 HPs)
             Began as an Octopode Shapeshifter on Sept 19, 2023.
             Slain by Crazy Yiuf the blink frog (18 damage)
             ... on level 4 of the Dungeon.
             The game lasted 00:12:58 (3658 turns).

puppykicker the Ruffian (Octopode Shapeshifter)     Turns: 3658, Time: 00:12:59

Health: -1/47      AC:  1    Str: 16    XL:     7   Next: 85%
Magic:  9/9        EV: 13    Int: 12    God:
Gold:   39         SH:  0    Dex: 11    Spells: 1/9 levels left

rFire   . .          .
                       - Unarmed
rCold   . . .        (no shield)
rNeg    . . .        (helmet currently unavailable)
rPois   .            R - amulet of regeneration
rElec   .            C - ring of resist corrosion
rCorr   +            (no ring)
SInv    .            (no ring)
Will    .....        (no ring)
Stlth   ++           (no ring)
HPRegen 1.07/turn    (no ring)
MPRegen 0.11/turn    (no ring)
                     (no ring)

%: no passive effects
@: beast-form
A: beast (slay +2), almost no armour, amphibious, 8 rings, camouflage 1,
gelatinous body 1, (nimble swimmer 1), tentacles
a: Begin Untransformation


You were on level 4 of the Dungeon.
You were a hulking beast.
You visited 1 branch of the dungeon, and saw 4 of its levels.

You collected 273 gold pieces.
You spent 234 gold pieces at shops.

Inventory:

Hand Weapons
 b - a +0 sling
Missiles
 k - 6 poisoned darts
 n - 2 boomerangs (quivered)
Jewellery
 C - a ring of resist corrosion (left tentacle)
 R - an amulet of regeneration (around mantle)
Talismans
 c - a flux talisman
 d - a dragon-blood talisman
 e - a beast talisman (active)
Wands
 p - a wand of charming (9)
Scrolls
 j - 2 scrolls of poison {unknown}
 l - a scroll of enchant weapon {unknown}
 m - a scroll of revelation {unknown}
 r - a scroll of vulnerability {unknown}
 t - 3 scrolls of teleportation
 B - a scroll of blinking {!r}
Potions
 a - a potion of lignification {!q}
 f - a potion of magic
 g - a potion of mutation {!q}
 h - 2 potions of brilliance {unknown}
 i - a potion of enlightenment
 o - a potion of attraction {unknown}


   Skills:
 + Level 3.8 Fighting
 - Level 2.0 Dodging
 * Level 6.1 Unarmed Combat
 + Level 1.5 Spellcasting
 + Level 1.1 Conjurations
 + Level 1.5 Translocations
 + Level 0.9 Air Magic
 + Level 1.1 Poison Magic
 + Level 4.5 Shapeshifting


You had one spell level left.
You knew the following spells:

 Your Spells              Type           Power      Damage    Failure   Level
g - Apportation           Tloc           8%         N/A       16%         1
h - Lesser Beckoning      Tloc           8%         N/A       22%         2
p - Blink                 Tloc           8%         N/A       22%         2
x - Mephitic Cloud        Conj/Pois/Air  3%         N/A       50%         3

Your spell library contained the following spells:

 Spells                   Type           Power      Damage    Failure   Level
 Magic Dart               Conj           12%        1d3       19%         1
 Momentum Strike          Conj/Tloc      8%         3d8       24%         2
 Cigotuvi's Dreadful Rot  Necr/Pois/Air  4%         N/A       32%         2
 Call Imp                 Summ           0%         N/A       41%         2
 Jinxbite                 Hex            0%         N/A       41%         2
 Ignite Poison            Fire/Tmut/Pois 1%         N/A       58%         3
 Alistair's Intoxication  Tmut/Pois      1%         N/A       99%         5
 Freezing Cloud           Conj/Ice/Air   1%         6-21      99%         5


Dungeon Overview and Level Annotations

Branches:
Dungeon (4/15)
 Temple: D:4-7

Altars:
Elyvilon
Xom

Shops:
D:1 =   D:2 :

Annotations:
D:4 Crazy Yiuf


Innate Abilities, Weirdness & Mutations

You are a hulking beast.
Your limbs bulge with bestial killing power. (Slay +2)
You cannot wear most types of armour.
You are amphibious.
You can wear up to eight rings at the same time.
Your skin changes colour to match your surroundings (Stealth+).
Your rubbery body absorbs attacks. (AC +1, EV +1)
((You are camouflaged when in or above water. (Stealth+)))
You have tentacles for arms and can constrict up to eight enemies at once.


Message History

HP restored.
Health restored: 47 Cast which spell? (? or * to list)
Okay, then.
Unknown command.
There is an open door here.
There is an open door here.
There is an open door here.
There is an open door here.
Crazy Yiuf shouts!
Okay, then.
As you open the door, it creaks loudly!
Aiming: Polymorph
Press: ? - help, Shift-Dir - straight line, f - Crazy Yiuf
Aim: Crazy Yiuf, wielding a +3 quarterstaff of chaos and wearing a +1 cloak (will become a blink frog, a wolf, or a centaur, chance to affect: 57%) Crazy Yiuf evaporates and reforms as a blink frog!
The now-empty wand crumbles to dust.
Crazy Yiuf hits you but does no damage.
Aiming: Charm
Press: ? - help, Shift-Dir - straight line, f/p - Crazy Yiuf
Aim: Crazy Yiuf the blink frog (chance to affect: 31%) Crazy Yiuf easily resists.
Crazy Yiuf hits you!
You take 17 damage, and have 30/47 hp.
MASSIVE DAMAGE!!
Aiming: Charm
Press: ? - help, Shift-Dir - straight line, f/p - Crazy Yiuf
Aim: Crazy Yiuf the blink frog (chance to affect: 31%) Crazy Yiuf easily resists.
Crazy Yiuf hits you!
* * * LOW HITPOINT WARNING * * *
Crazy Yiuf misses you.
You take 15 damage, and have 15/47 hp.
MASSIVE DAMAGE!!
Aiming: Charm
Press: ? - help, Shift-Dir - straight line, f/p - Crazy Yiuf
Aim: Crazy Yiuf the blink frog (chance to affect: 31%) Crazy Yiuf easily resists.
Crazy Yiuf barely misses you.
Aiming: Charm
Press: ? - help, Shift-Dir - straight line, f/p - Crazy Yiuf
Aim: Crazy Yiuf the blink frog (chance to affect: 31%) Crazy Yiuf easily resists.
Crazy Yiuf hits you!!
You die...

#.>..#
#....#
#....#
#....#
#....#
#P..P#
#....#
##P..#
...### ##.##
...# ##.#
...# #.##
...# #######
##.#
######.....#
#h##
.....#.....#
#F#
.....#.....#
...
.....'.....#
#...# #####
######.....#
#)..# #...#
..g.....####
##### #...#
..g.g...#..#
#...#
.......)#..#
#####...#
........#..#
#.......#


You could see Crazy Yiuf the blink frog.

Levels and vault maps discovered:
D:1:      dpeg_arrival_shelter, layout_basic, serial_shops,
          nicolae_shop_real_fake_doors, minmay_misc_feat_iff,
          grunt_decor_junction
D:2:      layout_loops_ring, basic_altar, serial_shops, nicolae_shop_mannequins
D:3:      layout_basic, nicolae_goblin_pals, uniq_ijyb
D:4:      layout_gridville, xom_teletrap_fun, uniq_crazy_yiuf_cottage,
          uniq_eustachio, uniq_menkaure, uniq_blork_the_orc

Notes
Turn   | Place    | Note
-------+----------+-------------------------------------------
     0 | D:1      | puppykicker the Octopode Shapeshifter began the quest for
                  | the Orb.
     0 | D:1      | Reached XP level 1. HP: 13/13 MP: 1/1
    70 | D:1      | Found Roscheigg's Jewellery Boutique.
    77 | D:1      | Identified a +0 sling
   367 | D:1      | Identified a +0 club
   539 | D:1      | Reached XP level 2. HP: 18/18 MP: 2/2
   612 | D:1      | Identified a +0 dagger
   679 | D:1      | Identified a +0 dagger
   722 | D:1      | Identified a +0 dagger
   723 | D:1      | Identified 4 scrolls of identify
   723 | D:1      | Identified a scroll of teleportation
   724 | D:1      | Identified a scroll of blinking
   725 | D:1      | Identified a potion of mutation
   789 | D:1      | Identified a +0 whip
   794 | D:1      | Reached XP level 3. HP: 23/23 MP: 3/3
   813 | D:1      | Identified a +0 dagger
   959 | D:2      | Found a white marble altar of Elyvilon.
   963 | D:2      | Identified a +0 dagger
  1162 | D:2      | Noticed a walking divine tome
  1164 | D:2      | Found Repar's Book Emporium.
  1166 | D:2      | Noticed a walking crystal tome
  1315 | D:2      | Identified an amulet of regeneration
  1372 | D:2      | Identified a +0 robe
  1433 | D:2      | Identified a ring of resist corrosion
  1435 | D:2      | Identified a potion of magic
  1495 | D:3      | Identified a +0 dagger
  1495 | D:3      | Identified a +0 hand axe
  1495 | D:3      | Identified a +0 ring mail
  1498 | D:3      | Identified a +0 club
  1498 | D:3      | Identified a +0 ring mail
  1498 | D:3      | Identified a +0 club
  1498 | D:3      | Identified a +0 leather armour
  1500 | D:3      | Identified a +0 hand axe
  1512 | D:3      | Identified a +0 hand axe
  1515 | D:3      | Reached skill level 4 in Unarmed Combat
  1523 | D:2      | Reached skill level 2 in Fighting
  1523 | D:2      | Reached XP level 4. HP: 20/29 MP: 4/4
  1566 | D:3      | Noticed a water moccasin
  1578 | D:2      | Identified a +0 plate armour
  1580 | D:2      | Identified a +0 ring mail
  1681 | D:3      | Identified a +0 club
  1683 | D:3      | Identified a +0 flail
  1766 | D:3      | Identified a +0 pair of boots
  1801 | D:3      | Identified a +0 mace
  1801 | D:3      | Noticed an ice beast
  1838 | D:3      | Identified a +0 short sword of electrocution
  1855 | D:3      | Identified 2 potions of enlightenment
  1856 | D:3      | Identified a potion of heal wounds
  1857 | D:3      | Killed a water moccasin
  1858 | D:3      | Reached skill level 5 in Unarmed Combat
  1858 | D:3      | Reached XP level 5. HP: 32/36 MP: 5/5
  1896 | D:3      | Killed an ice beast
  1897 | D:3      | Reached skill level 3 in Fighting
  1897 | D:3      | Reached skill level 4 in Shapeshifting
  1897 | D:3      | Reached XP level 6. HP: 23/42 MP: 6/6
  2121 | D:2      | Bought a book of Spatial Translocations for 234 gold pieces
  2124 | D:2      | Learned a level 2 spell: Blink
  2127 | D:2      | Learned a level 2 spell: Lesser Beckoning
  2255 | D:3      | Identified a +0 mace
  2255 | D:3      | Identified a +0 animal skin
  2255 | D:3      | Identified a +0 helmet
  2255 | D:3      | Noticed Robin
  2256 | D:3      | Identified a +0 mace
  2257 | D:3      | Identified a +2 dagger of pain
  2257 | D:3      | Identified a +0 leather armour
  2257 | D:3      | Noticed Ijyb
  2257 | D:3      | Identified a +0 short sword
  2257 | D:3      | Identified a +0 club
  2277 | D:3      | Killed Robin
  2288 | D:3      | Identified a +0 war axe
  2329 | D:3      | Identified a +0 dagger
  2340 | D:3      | Killed Ijyb
  2472 | D:4      | Noticed Menkaure
  2563 | D:4      | Identified a +0 dagger of electrocution
  2566 | D:4      | Identified a +0 club
  2567 | D:4      | Identified a +0 flail
  2567 | D:4      | Identified a +0 robe
  2567 | D:4      | Noticed Blork the orc
  2674 | D:4      | Identified a +0 rapier
  2674 | D:4      | Identified a +0 leather armour
  2674 | D:4      | Noticed Eustachio
  2675 | D:4      | Eustachio changed into Eustachio the hound
  2675 | D:4      | Noticed Eustachio
  2681 | D:4      | Killed Eustachio the hound
  2744 | D:4      | Found a shimmering altar of Xom.
  2762 | D:4      | Killed Blork the orc
  2763 | D:4      | Reached skill level 1 in Translocations
  2763 | D:4      | Reached XP level 7. HP: 24/46 MP: 6/8
  2794 | D:4      | Reached skill level 1 in Spellcasting
  2806 | D:4      | Learned a level 3 spell: Mephitic Cloud
  2891 | D:4      | Identified a +0 halberd
  2891 | D:4      | Identified a +1 spear of venom
  3061 | D:4      | Identified a +0 club
  3104 | D:4      | Killed Menkaure
  3118 | D:4      | Identified a +0 flail
  3119 | D:4      | Identified a +0 spear
  3120 | D:4      | Identified a +0 halberd
  3153 | D:4      | HP: 11/46 [gnoll/+0 spear (5)]
  3248 | D:4      | Reached skill level 6 in Unarmed Combat
  3294 | D:4      | Learned a level 1 spell: Apportation
  3416 | D:4      | Reached skill level 1 in Conjurations
  3416 | D:4      | Reached skill level 1 in Poison Magic
  3472 | D:4      | Identified a +0 whip
  3514 | D:4      | Found a runed translucent door.
  3515 | D:4      | Identified a +3 quarterstaff of chaos
  3515 | D:4      | Identified a +1 cloak
  3515 | D:4      | Noticed Crazy Yiuf
  3654 | D:4      | Crazy Yiuf changed into Crazy Yiuf the blink frog
  3654 | D:4      | Noticed Crazy Yiuf
  3658 | D:4      | Slain by Crazy Yiuf the blink frog

Table legend: (Time is in decaauts)
 A = Elapsed time spent in this place.
 B = Non-inter-level travel time spent in this place.
 C = Inter-level travel time spent in this place.
 D = Time resting spent in this place.
 E = Time spent auto-exploring this place.
 F = Levels seen in this place.
 G = Mean time per level.
                   A        B        C        D        E       F      G
               +--------+--------+--------+--------+--------+-----+--------+
         Total |   3689 |   3312 |    377 |    308 |   2208 |   4 |  922.2 |
       Dungeon |   3689 |   3312 |    377 |    308 |   2208 |   4 |  922.2 |
               +--------+--------+--------+--------+--------+-----+--------+

Top non-repeatable levels by time:
     D:4: 1010 daAuts
     D:3: 1000 daAuts
     D:1: 939 daAuts
     D:2: 739 daAuts

Table legend:
 A = Kills in this place as a percentage of kills in the entire game.
 B = Kills by you in this place as a percentage of kills by you in the entire game.
 C = Kills by friends in this place as a percentage of kills by friends in the entire game.
 D = Other kills in this place as a percentage of other kills in the entire game.
 E = Experience gained in this place as a percentage of experience gained in the entire game.
 F = Experience gained in this place divided by the number of levels of this place that you have seen.
                   A       B       C       D       E      F
               +-------+-------+-------+-------+-------+----------------------
         Total | 100.0 | 100.0 |   N/A |   N/A | 100.0 | 278.0
       Dungeon | 100.0 | 100.0 |   N/A |   N/A | 100.0 | 278.0
               +-------+-------+-------+-------+-------+----------------------

Skill      XL: |  1  2  3  4  5  6  7 |
---------------+----------------------+-----
Unarmed Combat | 4 5 6 |  6.1
Fighting       | 2 3 |  3.8
Shapeshifting  | 4 |  4.5
Translocations | 1 |  1.5
Spellcasting   | 1 |  1.5
Conjurations   | 1 |  1.1
Poison Magic   | 1 |  1.1
Dodging        | |  2.0
Air Magic      | |  0.9

Action                     |  1- 3 |  4- 6 |  7- 9 || total
---------------------------+-------+-------+-------++-------
  Melee: Unarmed           |    22 |    60 |    33 ||   115
         Constrict         |     9 |    11 |     8 ||    28
         Tentacles         |     4 |     8 |     3 ||    15
         Punch             |     2 |     1 |     1 ||     4
   Fire: Sling             |    61 |    26 |    27 ||   114
  Throw: Boomerang         |       |     8 |    22 ||    30
         Dart              |       |     7 |       ||     7
  Evoke: Wand              |       |     1 |     5 ||     6
    Use: Scroll            |     4 |       |       ||     4
         Potion            |       |     2 |       ||     2
   Stab: Sleeping          |       |     1 |     1 ||     2
 Armour: Skin              |    18 |    41 |    26 ||    85
  Dodge: Dodged            |    35 |    30 |    19 ||    84

Vanquished Creatures
  Menkaure (D:4)
  A water moccasin (D:3)
  An ice beast (D:3)
  Blork the orc (D:4)
  A scorpion (D:4)
  A hound (D:4)
  Ijyb (D:3)
  2 iguanas (D:4)
  Robin (D:3)
  4 gnolls
  9 adders
  A white imp (D:4)
  A worm (D:2)
  2 dart slugs
  12 orcs
  5 endoplasms
  8 hobgoblins
  3 jackals (D:4)
  5 kobolds
  4 quokkas
  4 ball pythons
  8 bats
  2 frilled lizards
  7 goblins
  5 rats
90 creatures vanquished.
